 Dungeon Crawl Stone Soup version 0.31.0-12-g77e489cdc1 (webtiles) character file.

Game seed: 2002075422470330834

50118 Edyrem the Metamorph (level 14, -6/174 HPs)
             Began as a Merfolk Berserker on Feb 24, 2024.
             Was an Elder of Trog.
             Killed from afar by a lindwurm (9 damage)
             ... with a blast of flame
             ... on level 5 of the Lair of Beasts.
             The game lasted 00:45:50 (13589 turns).

Edyrem the Metamorph (Merfolk Berserker)           Turns: 13589, Time: 00:45:50

Health: -6/174     AC: 25    Str: 27    XL:     14   Next: 53%
Magic:  14/14      EV: 15    Int:  7    God:    Trog [****..]
Gold:   1357       SH: 10    Dex: 14    Spells: 13/13 levels left

rFire   x . .        a - +4 trident (protect)
rCold   + + +        l - +1 buckler
rNeg    . . .        F - +3 chain mail
rPois   +            p - +2 helmet
rElec   +            D - +0 cloak
rCorr   .            j - +0 pair of gloves
SInv    +            x - +0 pair of boots
Will    +++..        d - amulet of Xakoyred {Reflect rF- rC+ Slay+5 SH+5} Stlth
                     y - ring of Ceacw {^Contam rElec rPois rC+++ SInv}
HPRegen 1.49/turn    I - +6 ring of strength
MPRegen 0.14/turn

%: reflection
@: berserking (expiring), strong-willed, under a protective aura, regenerating,
very quick
A: (nimble swimmer 2), mertail
a: Renounce Religion, Berserk, Trog's Hand, Brothers in Arms


You were on level 5 of the Lair of Beasts.
You worshipped Trog.
Trog was greatly pleased with you.
You visited 2 branches of the dungeon, and saw 14 of its levels.
You also visited: Gauntlet.

You collected 1357 gold pieces.

Inventory:

Hand Weapons
 a - a +4 trident of protection (weapon)
 b - a +1 heavy hand axe
 r - a +1 glaive of flaming
Missiles
 i - 10 boomerangs
 m - 11 silver javelins
 L - 3 curare-tipped darts
 U - 20 poisoned darts (quivered)
Armour
 f - the +0 hat "Tycwescha" {rPois rN+ Int-3}
   (You found it in a Gauntlet)

   Int-3:     It affects your intelligence (-3).
   rPois:     It protects you from poison rN+: It protects you from negative
   energy.
 j - a +0 pair of gloves (worn)
 l - a +1 buckler (worn)
 p - a +2 helmet (worn)
 x - a +0 pair of boots (worn)
 D - a +0 cloak (worn)
 F - a +3 chain mail (worn)
Jewellery
 d - the amulet of Xakoyred (around neck) {Reflect rF- rC+ Slay+5 SH+5}
   (You acquired it in a Gauntlet)

   [amulet of reflection]

   Reflect:   It reflects blocked missile attacks.
   Slay+5:    It affects your accuracy & damage with ranged weapons and melee
   (+5).
   rF-:       It makes you vulnerable to fire.
   rC+:       It protects you from cold.
   SH+5:      It affects your SH (+5).
 y - the ring of Ceacw (left hand) {^Contam rElec rPois rC+++ SInv}
   (You found it on level 3 of the Dungeon)

   [ring of see invisible]

   rC+++:     It renders you almost immune to cold.
   rElec:     It insulates you from electricity.
   rPois:     It protects you from poison SInv: It lets you see invisible.
   ^Contam:   It causes magical contamination when unequipped.
 z - a ring of flight
 I - a +6 ring of strength (right hand)
 S - a ring of positive energy
 V - a ring of protection from cold
Talismans
 g - a granite talisman
 s - a storm talisman
Wands
 B - a wand of roots (21)
 C - a wand of flame (22)
 H - a wand of quicksilver (23)
 P - a wand of paralysis (5)
 T - a wand of polymorph (22)
 X - a wand of mindburst (29)
Scrolls
 h - a scroll of enchant weapon
 q - a scroll of revelation
 t - a scroll of fear
 u - 3 scrolls of poison
 w - a scroll of summoning
 A - 6 scrolls of teleportation
 E - a scroll of fog
 J - 2 scrolls of identify {@r1}
 M - a scroll of brand weapon {unknown}
 R - 4 scrolls of enchant armour
Potions
 c - 2 potions of berserk rage
 e - 3 potions of lignification
 k - 2 potions of heal wounds {@q1}
 n - 4 potions of mutation
 o - a potion of ambrosia
 v - 5 potions of curing {@q2}
 G - 3 potions of haste
 K - a potion of enlightenment
 N - a potion of attraction
 O - a potion of resistance
Miscellaneous
 Z - a box of beasts


   Skills:
 + Level 12.6 Fighting
 - Level 14.0 Polearms
 - Level 3.0 Armour
 + Level 14.5 Dodging
 - Level 7.4 Unarmed Combat
 * Level 15.0 Shapeshifting


You had 13 spell levels left.
You didn't know any spells.
Your spell library was empty.

Dungeon Overview and Level Annotations

Branches:
Dungeon (9/15)             Temple (0/1) D:6            Lair (5/5) D:8
  Swamp (0/4) Lair:3        Snake (0/4) Lair:2        Slime (0/5) Lair:4
    Orc (0/2) D:9         Gauntlet (visited)

Altars:
Ashenzari
Fedhas
Gozag
Kikubaaqudgha
Okawaru
Ru
Sif Muna
Uskayaw
Yredelemnul

Shops:
D:3 (

Annotations:
D:7 exclusion: oklob plant
Lair:5 Rupert


Innate Abilities, Weirdness & Mutations

((You are very nimble when in or above water. (Stealth+, EV+, Speed+++)))
Your lower body shifts to a powerful aquatic tail in water.


Message History

You puncture Rupert!
Rupert is lightly wounded.
Rupert hits you with a +2 great sword of electrocution.
You block the basilisk's attack.
You impale Rupert!!
Rupert is moderately wounded.
You puncture the basilisk!
The basilisk is heavily wounded.
The basilisk closely misses you. The lindwurm closely misses you.
The lindwurm claws you.
The lindwurm claws you but does no damage.
Rupert hits you with a +2 great sword of electrocution!
You puncture the basilisk!
The basilisk is severely wounded.
You barely miss the basilisk.
The basilisk is severely wounded.
You impale the basilisk!!
You kill the basilisk!
Trog accepts your kill.
Rupert roars madly and goes into a rage!
Rupert goes berserk!
The lindwurm misses you.
The lindwurm claws you but does no damage. x2
You impale Rupert!!
Rupert is moderately wounded.
You impale Rupert!!
Rupert is heavily wounded.
Rupert hits you with a +2 great sword of electrocution!
* * * LOW HITPOINT WARNING * * *
The lindwurm breathes flames at you. The blast of flame hits you!!!
The fire burns you terribly!
* * * LOW HITPOINT WARNING * * *
You puncture Rupert!
Rupert is heavily wounded.
Rupert hits you with a +2 great sword of electrocution.
* * * LOW HITPOINT WARNING * * *
You puncture Rupert!
Rupert is heavily wounded.
The lindwurm breathes flames at you. The blast of flame hits you!
The fire burns you terribly!
You die...

.................##
..................#
..................##
.........<........P#
.................###
....#..............##
....................##
.....................##
...............†@.....#
...............@k......#
........................
.......................#
........................
...... ....#..........
.....#.P.......
......P........


You could see Rupert (berserk) and a lindwurm (catching breath).

Vanquished Creatures
  An eleionoma (Lair:3)
  A minotaur (Gauntlet)
  Snorg (Lair:3)
  A green death (Gauntlet)
  A fire dragon (Lair:4)
  The ghost of rozman the Grappler, a journeyman TrSh of Wu Jian (Lair:2)
  3 hydras
  A death scarab (Gauntlet)
  Erica (D:8)
  A skyshark (Lair:2)
  A lindwurm (Lair:4)
  2 oklob plants (Lair:1)
  An eye of devastation (Lair:4)
  2 black mambas
  A torpor snail (Gauntlet)
  An orange demon (Gauntlet)
  Maggie (D:8)
  6 cane toads
  2 rime drakes
  9 komodo dragons
  4 polar bears (Lair:3)
  A glass eye (Lair:4)
  4 dream sheep (Lair:3)
  Sigmund (D:2)
  32 yaks
  2 spriggans (Lair:3)
  5 wyverns
  A warg (D:8)
  A spectral komodo dragon (Gauntlet)
  Grum (D:8)
  4 basilisks
  10 steam dragons
  7 water moccasins
  An ice beast (D:5)
  2 black bears
  3 orc warriors (D:8)
  3 sky beasts
  4 ogres
  24 wolves
  4 centaurs
  2 phantoms
  7 bullfrogs
  2 scorpions
  8 wights
  2 electric eels
  2 hounds
  Crazy Yiuf (D:4)
  3 jellies
  6 orc priests
  A gnoll bouda (D:7)
  4 iguanas (D:5)
  A sleepcap (D:6)
  10 orc wizards
  Robin (D:2)
  8 gnolls
  5 adders
  A shadow imp (D:4)
  A white imp (D:7)
  2 ufetubi (D:6)
  4 dart slugs
  A ribbon worm (D:2)
  34 orcs
  4 bats
  9 endoplasms
  2 giant cockroaches
  14 hobgoblins
  3 quokkas
  10 ball pythons
  15 frilled lizards
  15 goblins
  6 kobolds
  11 rats
347 creatures vanquished.

Vanquished Creatures (collateral kills)
  4 yaks (Lair:1)
4 creatures vanquished.

Vanquished Creatures (others)
  An orc (D:8)
1 creature vanquished.

Grand Total: 352 creatures vanquished

Notes
Turn   | Place    | Note
-------+----------+-------------------------------------------
     0 | D:1      | Edyrem the Merfolk Berserker began the quest for the Orb.
     0 | D:1      | Reached XP level 1. HP: 18/18 MP: 1/1
   126 | D:1      | Reached XP level 2. HP: 4/24 MP: 2/2
   436 | D:1      | Reached XP level 3. HP: 29/29 MP: 3/3
   611 | D:1      | Reached ** piety under Trog
  1411 | D:2      | Found a broken altar of Ashenzari.
  1632 | D:2      | Noticed Sigmund
  1648 | D:2      | Killed Sigmund
  1649 | D:2      | Reached skill level 5 in Polearms
  1649 | D:2      | Reached XP level 4. HP: 6/38 MP: 4/4
  1649 | D:2      | Reached XP level 5. HP: 6/43 MP: 5/5
  1828 | D:2      | Noticed Robin
  1855 | D:2      | Reached XP level 6. HP: 34/49 MP: 6/6
  1866 | D:2      | Killed Robin
  2465 | D:3      | Identified the ring of Ceacw {^Contam rElec rPois rC+++
                  | SInv}
  2608 | D:3      | Found Ryomp's Weapon Shoppe.
  2685 | D:3      | Reached *** piety under Trog
  3003 | D:4      | Reached skill level 5 in Dodging
  3211 | D:4      | Reached skill level 5 in Fighting
  3211 | D:4      | Reached XP level 7. HP: 56/56 MP: 7/7
  3387 | D:4      | Found a runed translucent door.
  3388 | D:4      | Noticed Crazy Yiuf
  3394 | D:4      | Killed Crazy Yiuf
  3748 | D:5      | Entered Level 5 of the Dungeon
  3947 | D:5      | Reached XP level 8. HP: 60/64 MP: 8/8
  4311 | D:5      | Found a basalt altar of Yredelemnul.
  4320 | D:5      | Found an opulent altar of Gozag.
  4726 | D:6      | Reached **** piety under Trog
  4806 | D:6      | Found a staircase to the Ecumenical Temple.
  5015 | D:6      | Reached XP level 9. HP: 72/72 MP: 9/9
  5259 | D:6      | Found a sacrificial altar of Ru.
  5594 | D:7      | Reached skill level 1 in Shapeshifting
  5621 | D:7      | Reached skill level 2 in Shapeshifting
  5768 | D:7      | Reached skill level 3 in Shapeshifting
  6015 | D:7      | Reached skill level 10 in Polearms
  6266 | D:7      | Found a blossoming altar of Fedhas.
  6283 | D:7      | Noticed an oklob plant
  6426 | D:8      | Noticed Grum
  6463 | D:7      | Reached skill level 4 in Shapeshifting
  6537 | D:8      | Reached XP level 10. HP: 70/82 MP: 10/10
  6540 | D:8      | Killed Grum
  6541 | D:8      | Reached skill level 5 in Shapeshifting
  6571 | D:8      | Noticed Erica
  6598 | D:8      | Reached skill level 10 in Dodging
  6632 | D:8      | Reached skill level 6 in Shapeshifting
  6639 | D:8      | Killed Erica
  6741 | D:8      | Reached skill level 7 in Shapeshifting
  6790 | D:8      | Noticed Maggie
  6795 | D:8      | Found a hide-covered altar of Uskayaw.
  6817 | D:8      | Killed Maggie
  6998 | D:8      | Found an ancient bone altar of Kikubaaqudgha.
  7020 | D:8      | Found an iron altar of Okawaru.
  7065 | D:8      | Found a staircase to the Lair.
  7204 | D:8      | Reached skill level 8 in Shapeshifting
  7487 | D:8      | Found a shimmering blue altar of Sif Muna.
  7584 | D:9      | Found a staircase to the Orcish Mines.
  7632 | Lair:1   | Entered Level 1 of the Lair of Beasts
  7632 | Lair:1   | Found a gate leading to a gauntlet.
  7643 | Lair:1   | Reached XP level 11. HP: 90/90 MP: 11/11
  7678 | Gauntlet | Entered a Gauntlet
  7678 | Gauntlet | Found a transporter.
  7678 | Gauntlet | Found a transporter.
  7678 | Gauntlet | Found a transporter.
  7679 | Gauntlet | Found a transporter.
  7680 | Gauntlet | Found a transporter.
  7683 | Gauntlet | Noticed a death scarab
  7686 | Gauntlet | Found a transporter.
  7690 | Gauntlet | Found a transporter.
  7691 | Gauntlet | Found a transporter.
  7692 | Gauntlet | Found a transporter.
  7694 | Gauntlet | Found a transporter.
  7697 | Gauntlet | Noticed a fire crab
  7697 | Gauntlet | Noticed a fire crab
  7702 | Gauntlet | Found a transporter.
  7703 | Gauntlet | Found a transporter.
  7705 | Gauntlet | Noticed a green death
  7914 | Gauntlet | Killed a death scarab
  7915 | Gauntlet | Reached skill level 9 in Shapeshifting
  7981 | Gauntlet | Reached skill level 10 in Fighting
  8047 | Gauntlet | Identified a scroll of acquirement
  8047 | Gauntlet | Acquired the amulet of Xakoyred {Reflect rF- rC+ Slay+5
                  | SH+5}
  8161 | Gauntlet | Killed a green death
  8170 | Gauntlet | Identified the +0 hat "Tycwescha" {rPois rN+ Int-3}
  8228 | Gauntlet | Noticed a minotaur
  8255 | Gauntlet | Killed a minotaur
  8256 | Gauntlet | Reached skill level 10 in Shapeshifting
  8419 | Gauntlet | Identified the staff "Death Rattle" {^Drain rF+ Int+6 Tloc
                  | Earth}
  8790 | Lair:1   | Found a blossoming altar of Fedhas.
  8792 | Lair:1   | Noticed an oklob plant
  8793 | Lair:1   | Noticed an oklob plant
  8804 | Lair:1   | Killed an oklob plant
  8810 | Lair:1   | Killed an oklob plant
  8811 | Lair:1   | Reached skill level 11 in Shapeshifting
  9046 | Lair:1   | Reached XP level 12. HP: 99/99 MP: 12/12
  9335 | Lair:1   | Identified the +0 robe of the Postmodern Knives {Dex+5}
  9757 | Lair:2   | Found a runed translucent door.
  9757 | Lair:2   | Noticed rozman's ghost (journeyman TrSh)
  9764 | Lair:2   | Noticed a skyshark
  9774 | Lair:2   | Killed a skyshark
  9841 | Lair:2   | Reached skill level 12 in Shapeshifting
  9934 | Lair:2   | Found a staircase to the Snake Pit.
 10547 | Lair:2   | Killed rozman's ghost
 10629 | Lair:3   | Found a staircase to the Swamp.
 10629 | Lair:3   | Noticed an eleionoma
 10683 | Lair:3   | Killed an eleionoma
 10786 | Lair:3   | Reached skill level 13 in Shapeshifting
 10812 | Lair:3   | Noticed Snorg
 10832 | Lair:3   | Killed Snorg
 11061 | Lair:3   | Reached XP level 13. HP: 107/107 MP: 13/13
 11357 | Lair:3   | Reached skill level 14 in Shapeshifting
 12037 | Lair:4   | HP: 2/108 [steam dragon/ball of steam (21)]
 12045 | Lair:4   | Noticed a fire dragon
 12047 | Lair:4   | HP: 5/108 [steam dragon] (9)]
 12048 | Lair:4   | HP: 2/162 [komodo dragon (8)]
 12593 | Lair:4   | Found a staircase to the Slime Pits.
 12755 | Lair:4   | Reached XP level 14. HP: 116/116 MP: 14/14
 13511 | Lair:5   | Entered Level 5 of the Lair of Beasts
 13561 | Lair:5   | Noticed Rupert
 13578 | Lair:5   | Reached skill level 15 in Shapeshifting
 13587 | Lair:5   | HP: 7/174 [lindwurm/blast of flame (37)]
 13588 | Lair:5   | HP: 3/174 [Rupert/+2 great sword of electrocution (5)]
 13589 | Lair:5   | Killed from afar by a lindwurm

Illustrated notes

Levels and vault maps discovered:
D:1:      amcnicky_arrival_choice, layout_basic, minmay_tromino_v7
D:2:      layout_basic, basic_altar, uniq_robin, uniq_sigmund
D:3:      layout_loops_ring, serial_shops, nicolae_shop_bloodbath_and_beyond
D:4:      layout_basic, dreamdust_princess_bridge, nrook_uturn,
          grunt_decor_fettered, uniq_crazy_yiuf_cottage
D:5:      layout_loops_ring, mainiacjoe_overflow_swirl, grunt_ministairs_1,
          minmay_lizard_king
D:6:      layout_gridville, kennysheep_mini, temple_pool_b,
          kennysheep_generic_room_6
D:7:      layout_loops_ring, tgw_fedhas, dk_vineyard_1
D:8:      black_bear_nest_1, layout_basic, mainiacjoe_overflow_large_starburst,
          mainiacjoe_overflow_paths, tgw_sif, erik_lair_orcish_takeover,
          grunt_decor_one_mirror, uniq_erica, uniq_maggie, uniq_grum
D:9:      layout_roguey, orc_0_dummy, nicolae_twisty_statue_hallways
Lair:1:   layout_misc_corridors, gauntlet_entry_generic, hangedman_tree_tricks,
          eino_small_chamber_without_monster, serial_bayou_pond_b
Lair:2:   layout_cave_pods, dummy_snake_entry, hellmonk_ghost_happy_afterlife
Lair:3:   layout_concentric_octagons, alex1729_swamp_entry_worm_eleionoma,
          forest_entry_grove, uniq_snorg
Lair:4:   layout_regular_city, minmay_slime_entry_eyes,
          chequers_serial_rivers_marsh, bobbens_dragon_lair_wall,
          grunt_megastairs_3, infiniplex_staircase_pool
Lair:5:   guppyfry_lair_end_dragon, layout_hall_layers, wormcave, uniq_rupert,
          uniq_sonja

Skill      XL: |  1  2  3  4  5  6  7  8  9 10 11 12 13 14 |
---------------+-------------------------------------------+-----
Dodging        | 3 4 5 6 8 9 11 12 13 14 | 14.5
Armour         | 2 3 |  3.0
Fighting       | 4 5 6 7 8 9 10 11 12 | 12.6
Polearms       | 5 6 7 8 10 11 12 13 14 | 14.0
Shapeshifting  | 4 8 11 13 14 15 | 15.0
Unarmed Combat | 7 |  7.4

Action                     |  1- 3 |  4- 6 |  7- 9 | 10-12 | 13-15 || total
---------------------------+-------+-------+-------+-------+-------++-------
  Melee: Spear             |   110 |       |     5 |       |       ||   115
         Morningstar       |    21 |       |       |       |       ||    21
         Punch             |     1 |       |       |       |       ||     1
         Halberd           |       |   118 |   252 |       |       ||   370
         Hand axe          |       |       |    28 |    73 |       ||   101
         Trident           |       |       |    20 |   678 |   225 ||   923
         Glaive            |       |       |       |     9 |       ||     9
  Throw: Dart              |       |       |       |       |     4 ||     4
 Invoke: Berserk           |     2 |       |     1 |     3 |     3 ||     9
         Trog's Hand       |       |     3 |     4 |    12 |     4 ||    23
  Evoke: Wand              |       |       |       |     1 |       ||     1
    Use: Potion            |       |       |       |     4 |     4 ||     8
         Scroll            |       |       |       |    23 |     1 ||    24
   Stab: Petrifying        |       |       |       |     2 |       ||     2
         Petrified         |       |       |       |     1 |       ||     1
 Armour: Ring mail         |    20 |       |       |       |       ||    20
         Animal skin       |     6 |       |       |       |       ||     6
         Chain mail        |    38 |    68 |   296 |   458 |   175 ||  1035
  Dodge: Dodged            |    44 |    49 |   215 |   371 |    95 ||   774
  Block: Buckler           |       |       |     2 |   198 |    78 ||   278
